 Dungeon Crawl Stone Soup version 0.18-a0-1180-g64ccc1e (webtiles) character file.

56 namelastname112 the Scratcher (level 3, 0/15 HPs)
             Began as a Felid Transmuter on Jan 27, 2016.
             Hit by a stone thrown by a hobgoblin (3 damage)
             ... on level 2 of the Dungeon.
             The game lasted 00:02:52 (2052 turns).

namelastname112 the Scratcher (Felid Transmuter)    Turns: 2052, Time: 00:02:52

Health: 0/15       AC:  1    Str:  6    XL:     3   Next: 69%
Magic:  7/7        EV: 18    Int: 15    God:
Gold:   88         SH:  0    Dex: 16    Spells: 3 memorised, 1 level left
                                        Lives:  0   Deaths: 0

rFire  + . .     SeeInvis +       - Unarmed
rCold  . . .     Gourm    .     (armour unavailable)
rNeg   + . .     Faith    .     (shield unavailable)
rPois  .         Spirit   .     (helmet unavailable)
rElec  .         Dismiss  .     (cloak unavailable)
rCorr  .         Reflect  .     (gloves unavailable)
SustAt .         Harm     .     (boots unavailable)
MR     .....                    (no amulet)
Stlth  ++........               n - ring of protection from fire
                                i - ring of positive energy

@: quick, not resistant to hostile enchantments, unstealthy
A: no armour, no weapons or thrown items, claws 1, fangs 3, see invisible,
carnivore 3, speed 1, shaggy fur 1, slow metabolism 1, sharp paws
a: no special abilities


You were on level 2 of the Dungeon.
You were very full.

You visited 1 branch of the dungeon, and saw 2 of its levels.

You collected 88 gold pieces.

Inventory:

Missiles
 a - 12 arrows
Jewellery
 i - a ring of positive energy (left paw)
 n - a ring of protection from fire (right paw)
Scrolls
 d - a scroll of remove curse {unknown}
 e - a scroll of enchant armour {unknown}
 f - a scroll of fear {unknown}
 g - a scroll of identify {unknown}
 j - a scroll of fog {unknown}
 m - a scroll of noise {unknown}
Potions
 h - a potion of brilliance {unknown}
 l - a potion of curing {unknown}
Books
 b - a book of Changes

   Spells                             Type                      Level
   a - Beastly Appendage              Transmutation                1
   b - Sticks to Snakes               Transmutation                2
   c - Spider Form                    Transmutation/Poison         3
   d - Ice Form                       Ice/Transmutation            4
   e - Blade Hands                    Transmutation                5
Comestibles
 c - 3 meat rations


   Skills:
 + Level 1.3 Fighting
 + Level 3.3 Dodging
 + Level 0.4 Stealth
 * Level 3.4 Unarmed Combat
 - Level 2.6 Spellcasting
 - Level 2.7 Transmutations


You had one spell level left.
You knew the following spells:

 Your Spells              Type           Power        Failure   Level  Hunger
a - Beastly Appendage     Trmt           ##....       10%         1    #......
c - Spider Form           Trmt/Pois      #.........   34%         3    ###....
x - Sticks to Snakes      Trmt           ##......     12%         2    ###....


Dungeon Overview and Level Annotations

Branches:
Dungeon (2/15)

Altars:
Pakellas
The Shining One

Annotations:
D:2 Terence


Innate Abilities, Weirdness & Mutations

You cannot wear armour.
You are incapable of wielding weapons or throwing items.
You have sharp claws.
You have razor-sharp teeth.
You have supernaturally acute eyesight.
You are carnivorous and can eat meat at any time.
You cover ground quickly.
You are covered in fur (AC +1).
You have a slow metabolism.
Your sharp claws are effective at attacking unaware monsters.


Message History

You barely miss the hobgoblin. The hobgoblin closely misses you.
You scratch the hobgoblin.
The hobgoblin is severely wounded.
The hobgoblin hits you with a club.
You scratch the hobgoblin but do no damage.
The hobgoblin is severely wounded.
You scratch the hobgoblin but do no damage.
The hobgoblin is severely wounded.
The hobgoblin completely misses you.
You barely miss the hobgoblin. Your bite misses the hobgoblin.
The hobgoblin is severely wounded.
The hobgoblin hits you with a club.
* * * LOW HITPOINT WARNING * * *
You are too injured to fight recklessly!
The hobgoblin throws a stone.
The stone closely misses you.
The hobgoblin throws a stone.
The stone hits you but does no damage.
Things that are here:
a stone; a hand axe The hobgoblin throws a stone.
The stone hits you.
You die...

#.# #<# ####)####
#.......# ......#)#
######### ##
#.......#####.......#
###.
#......[.......>(##.#
#...
####.########.##.# #
#.#. #.# #.##@# .#
#.#. #.#
####.##.##.#### #.##
#' #......(....$?.
#.# #.#####..#####.
##.# #..# ##..# #g.#
#>.## #.....# #..###
'.........# #.....
#.##...#.## #..###


You could see a hobgoblin.

Vanquished Creatures
  An ooze (D:2)
  A worm (D:2)
  5 giant geckos
  A ball python (D:1)
  3 giant cockroaches
  5 hobgoblins
  4 jackals (D:1)
  3 kobolds
  3 bats
  4 giant newts (D:1)
  6 goblins
  3 rats
39 creatures vanquished.

Vanquished Creatures (others)
  A hippogriff (D:2)
1 creature vanquished.

Grand Total: 40 creatures vanquished

Notes
Turn   | Place    | Note
--------------------------------------------------------------
     0 | D:1      | namelastname112 the Felid Transmuter began the quest for the Orb.
     0 | D:1      | Reached XP level 1. HP: 9/9 MP: 4/4
   530 | D:1      | Reached XP level 2. HP: 12/12 MP: 6/6
   664 | D:1      | Learned a level 2 spell: Sticks to Snakes
  1311 | D:2      | Reached XP level 3. HP: 15/15 MP: 7/7
  1316 | D:2      | Learned a level 3 spell: Spider Form
  1425 | D:2      | Found a glowing golden altar of the Shining One.
  1548 | D:2      | Noticed Terence
  1571 | D:2      | Found an oddly glowing altar of Pakellas.
  1571 | D:2      | Noticed an orange crystal statue
  1572 | D:2      | Noticed a hippogriff
  1592 | D:2      | Killed a hippogriff
  2052 | D:2      | Hit by a stone thrown by a hobgoblin

Vault maps used:
D:1:      dpeg_arrival_fog
D:2:      nicolae_overflow_hidden_temple, gammafunk_pakellas_statue_experiment,
          uniq_terence

Action                   || total
-------------------------++-------
Melee: Unarmed           ||   123
 Cast: Beastly Appendage ||     3
       Spider Form       ||     1
 Stab: Sleeping          ||     9
  Eat: Chunk             ||     9
